AoeStats
← fanta

African Clearing

506648369Analyzed
4v4 RM · 18d ago on Sep 14, 2026· 43m 19s· 8 players
Game mode
Random Map
Map size
Large (8 player)
Population
200
Speed
Normal
Resources
Standard
Victory
Conquest
Starting age
Dark Age
Ending age
Imperial Age
RankedLock teamsTeams togetherTeam positionsShared explorationLock speedFull tech treeHidden civsTurbo modeCheats
Victory
Defeat
🇯🇵 Mongols · Japan
1138
+16
🇨🇳 Cumans · China
1101
+17
🇹🇼 Gurjaras · Taiwan
1095
+17
🇨🇳 Magyars · China
1090
+18
🇮🇳 Britons · India
1169
-19
🇨🇳 Magyars · China
1163
-18
🇯🇵 Huns · Japan
1102
-16
🇳🇿 Dravidians · New Zealand
1069
-15
uu
15:19 Feudal Age
18:49 Castle Age
19:49 Horse Collar
21:33 Wheelbarrow
20:47 Double-Bit Axe
21:05 Heavy Plow
22:28 Hand Cart
22:37 Bow Saw
23:03 Loom
26:49 Gold Mining
26:50 Stone Mining
28:10 Gold Shaft Mining
29:37 Fletching
29:47 Padded Archer Armor
30:55 Corvinian Army
33:54 Imperial Age
32:25 Bodkin Arrow
32:46 Leather Archer Armor
33:15 Bloodlines
33:06 Husbandry
33:51 Thumb Ring
34:49 Ballistics
34:09 Treadmill Crane
35:05 Parthian Tactics
35:02 Conscription
35:02 Heavy Cavalry Archer
36:11 Bracer
37:33 Chemistry
37:18 Masonry
38:24 Two-Man Saw
37:59 Crop Rotation
37:39 Recurve Bow
38:03 Scale Barding Armor
38:31 Ring Archer Armor
38:38 Siege Engineers
smshcsjt
4:25 Loom
14:25 Feudal Age
16:58 Double-Bit Axe
16:56 Horse Collar
26:17 Castle Age
25:18 Scale Barding Armor
25:53 Bloodlines
26:01 Fletching
29:12 Bodkin Arrow
29:18 Padded Archer Armor
31:16 Wheelbarrow
38:32 Imperial Age
38:27 Leather Archer Armor
39:59 Conscription
40:32 Hand Cart
40:02 Town Watch
43:58 Chemistry
43:18 Ballistics
altanbileg
4:02 Loom
13:56 Feudal Age
19:01 Castle Age
19:40 Double-Bit Axe
21:42 Horse Collar
22:41 Stone Mining
24:18 Light Cavalry
26:26 Fletching
29:43 Bodkin Arrow
33:40 Town Watch
34:32 Wheelbarrow
34:39 Gold Mining
37:54 Imperial Age
35:29 Heavy Plow
35:45 Padded Archer Armor
37:35 Leather Archer Armor
37:49 Hand Cart
37:46 Bow Saw
38:07 Elite Mangudai
38:57 Bracer
40:06 Conscription
41:01 Chemistry
40:14 Forging
40:10 Scale Barding Armor
40:17 Bloodlines
40:08 Husbandry
42:02 Ballistics
41:57 Masonry
43:15 Thumb Ring
43:37 Parthian Tactics
43:34 Chain Barding Armor
43:50 Iron Casting
excboom
5:52 Loom
13:01 Feudal Age
13:56 Double-Bit Axe
19:54 Castle Age
18:49 Stone Mining
20:10 Scale Barding Armor
21:57 Chain Barding Armor
21:30 Horse Collar
24:02 Husbandry
24:53 Forging
27:42 Wheelbarrow
28:18 Heavy Plow
28:53 Town Watch
32:16 Hand Cart
33:29 Gold Mining
34:52 Gold Shaft Mining
34:46 Bow Saw
34:52 Fletching
36:09 Bodkin Arrow
38:26 Kshatriyas
39:14 Iron Casting
39:23 Bloodlines
43:45 Imperial Age
ravish.ratnam
3:15 Loom
13:15 Feudal Age
15:07 Fletching
17:19 Padded Archer Armor
22:54 Castle Age
23:21 Crossbowman
26:54 Ballistics
26:35 Pikeman
33:31 Bodkin Arrow
40:15 Imperial Age
Fujiwara
9:56 Loom
13:50 Feudal Age
19:07 Gold Mining
19:07 Stone Mining
18:59 Horse Collar
21:34 Castle Age
22:14 Double-Bit Axe
24:56 Fletching
27:45 Bow Saw
30:41 Ballistics
30:45 Bodkin Arrow
31:14 Padded Archer Armor
32:56 Wheelbarrow
33:15 Leather Archer Armor
33:42 Heavy Plow
34:47 Gold Shaft Mining
34:51 Husbandry
35:18 Bloodlines
36:16 Hand Cart
37:07 Thumb Ring
41:16 Imperial Age
39:09 Light Cavalry
39:50 Murder Holes
40:05 Masonry
fanta
16:19 Feudal Age
20:51 Castle Age
22:02 Double-Bit Axe
22:16 Fletching
22:27 Padded Archer Armor
25:56 Bodkin Arrow
29:50 Leather Archer Armor
32:53 Loom
33:04 Gold Mining
34:28 Wheelbarrow
35:10 Horse Collar
35:43 Bow Saw
36:28 Thumb Ring
38:53 Elite Skirmisher
Joker_xuechen
5:08 Loom
Connection lost

Rejoining the realm…

Still unreachable

The connection could not be restored.

Session expired

The server has moved on; the page needs a fresh start.